 Dungeon Crawl Stone Soup version 0.26.1-11-gd32895ea62 (webtiles) character file.

Game seed: 8234607697798633223

597 Almogavar the Stinger (level 7, -2/42 HPs)
             Began as an Octopode Venom Mage on May 15, 2021.
             Killed from afar by an orc wizard (12 damage)
             ... with a magic dart
             ... on level 5 of the Dungeon.
             The game lasted 00:24:10 (6720 turns).

Almogavar the Stinger (Octopode Venom Mage)         Turns: 6720, Time: 00:24:10

Health: -2/42      AC:  1    Str:  9    XL:     7   Next: 40%
Magic:  13/14      EV: 13    Int: 18    God:
Gold:   273        SH:  0    Dex: 12    Spells: 12/15 levels left

rFire    . . .     SeeInvis .   b - +1 hand axe (elec)
rCold    . . .     Faith    .   (no shield)
rNeg     . . .     Spirit   .   (helmet restricted)
rPois    .         Reflect  .   (no amulet)
rElec    .         Harm     .   (no ring)
rCorr    .         Rampage  .   (no ring)
Will     .....                  (no ring)
Stlth    +++.......             (no ring)
HPRegen  0.14/turn              (no ring)
MPRegen  0.14/turn              (no ring)
                                (no ring)
                                (no ring)

@: lethally poisoned (-2 -> -4)
A: almost no armour, stealthy swim, amphibious, 8 rings, constrict 8, camouflage
1, gelatinous body 1
a: no special abilities


You were on level 5 of the Dungeon.
You visited 1 branch of the dungeon, and saw 5 of its levels.

You collected 273 gold pieces.

Inventory:

Hand Weapons
 b - a +1 hand axe of electrocution (weapon)
 d - a +0 dagger
Wands
 p - a wand of iceblast (9)
Scrolls
 a - 2 scrolls of teleportation
 c - 2 scrolls of enchant weapon
 e - a scroll of fog
 f - a scroll of remove curse {unknown}
 k - 3 scrolls of magic mapping {unknown}
 m - 2 scrolls of amnesia {unknown}
 o - a scroll of noise {unknown}
Potions
 g - a potion of lignification {unknown}
 h - 2 potions of curing {unknown}
 i - a potion of brilliance {unknown}
 j - 3 potions of haste {unknown}
 l - a potion of might {unknown}
 n - 3 potions of attraction {unknown}


   Skills:
 + Level 0.9 Fighting
 - Level 0.2 Axes
 + Level 2.5 Dodging
 + Level 3.5 Stealth
 + Level 4.9 Spellcasting
 + Level 2.7 Transmutations
 + Level 2.1 Air Magic
 + Level 5.6 Poison Magic


You had 12 spell levels left.
You knew the following spells:

 Your Spells              Type           Power        Failure   Level
a - Sting                 Tmut/Pois      76%          2%          1
b - Poisonous Vapours     Pois/Air       36%          4%          2

Your spell library contained the following spells:

 Spells                   Type           Power        Failure   Level
 Ignite Poison            Fire/Tmut/Pois 14%          13%         3
 Olgreb's Toxic Radiance  Pois           24%          13%         4
 Animate Skeleton         Necr           8%           14%         1
 Apportation              Tloc           8%           14%         1
 Corona                   Hex            4%           14%         1
 Magic Dart               Conj           16%          14%         1
 Summon Small Mammal      Summ           16%          14%         1
 Mephitic Cloud           Conj/Pois/Air  13%          14%         3
 Blink                    Tloc           N/A          21%         2
 Call Imp                 Summ           4%           21%         2
 Slow                     Hex            4%           21%         2
 Conjure Flame            Conj/Fire      4%           38%         3


Dungeon Overview and Level Annotations

Branches:
Dungeon (5/15)
 Temple: D:4-7

Altars:
Dithmenos
Ru
Zin

Shops:
D:4 [


Innate Abilities, Weirdness & Mutations

You cannot wear most types of armour.
You are very stealthy in the water. (Stealth+)
You are amphibious.
You can wear up to eight rings at the same time.
You can use your tentacles to constrict eight enemies at once.
Your skin changes colour to match your surroundings (Stealth+).
Your rubbery body absorbs attacks. (AC +1, EV +1)


Message History

Casting: Sting (safe; 2% risk of failure)
Confirm with . or Enter, or press ? or * to list all spells.
Aiming: Sting (safe; 2% risk of failure)
Press: ? - help, Shift-Dir - straight line, f/p - orc
Aim: an orc, wielding a +0 dagger of venom (moderately wounded, poisoned, 26% to evade)
The sting hits the orc.
The orc looks even sicker.
The orc is severely wounded.
You feel sick.
You kill the orc!
A magic dart appears from out of thin air!
The magic dart hits you!
* * * LOW HITPOINT WARNING * * *
You feel sick.
You feel sick.
You hear some strange, mumbled words.
Something tries to affect you, but you resist.
You feel sick.
A magic dart appears from out of thin air!
The magic dart hits you!
You die...

...# #...........# #.......
...# #..........####.....##
.... ##..)####### #..._..#
############...## #......#
#....##.....# #......##
#...........# #.......#
#...#####...## #######.. #..##
###..######### #.. #.##
#..@..o....# #.. ####..#
##....{.o..## ##.. #.##..##
###########..# ##oo#
.......######..## #.)# ##.###
##..........##..# ##.###.##
###...#########.#######..o.)##
##).# ##............# ##.#
#########^..## ##.# ##..##


You could see 2 orcs.

Vanquished Creatures
  A phantom (D:5)
  A scorpion (D:3)
  A howler monkey (D:4)
  3 hounds
  An orc priest (D:3)
  4 orc wizards (D:3)
  6 adders
  A white imp (D:5)
  An ufetubus (D:5)
  3 oozes
  An adder zombie (D:5)
  A worm (D:1)
  3 leopard geckos
  21 orcs
  8 bats
  3 giant cockroaches
  7 goblins
  7 hobgoblins
  8 jackals
  A quokka (D:2)
  A ball python (D:3)
  5 frilled lizards
  A jackal skeleton (D:5)
  7 kobolds
  9 rats
105 creatures vanquished.

Notes
Turn   | Place    | Note
-------+----------+-------------------------------------------
     0 | D:1      | Almogavar the Octopode Venom Mage began the quest for the
                  | Orb.
     0 | D:1      | Reached XP level 1. HP: 11/11 MP: 3/3
   418 | D:1      | Reached skill level 4 in Poison Magic
   418 | D:1      | Reached XP level 2. HP: 16/17 MP: 3/5
   676 | D:1      | Learned a level 2 spell: Poisonous Vapours
   987 | D:1      | Reached XP level 3. HP: 21/21 MP: 3/6
  1912 | D:2      | Reached XP level 4. HP: 24/27 MP: 2/8
  2768 | D:3      | Reached XP level 5. HP: 29/31 MP: 3/9
  2954 | D:3      | Reached skill level 1 in Air Magic
  3777 | D:3      | Reached XP level 6. HP: 30/36 MP: 5/11
  3850 | D:3      | Reached skill level 5 in Poison Magic
  4233 | D:4      | Found Ysyolon's Armour Shop.
  4883 | D:5      | Entered Level 5 of the Dungeon
  4946 | D:5      | Found a glowing silver altar of Zin.
  5261 | D:5      | Reached XP level 7. HP: 42/42 MP: 10/14
  5991 | D:5      | Found a shadowy altar of Dithmenos.
  5995 | D:5      | Found a sacrificial altar of Ru.
  6720 | D:5      | Killed from afar by an orc wizard

Illustrated notes

Levels and vault maps discovered:
D:1:      psy_arrival_dodecagon, layout_loops_cross
D:2:      layout_rooms
D:3:      layout_basic
D:4:      layout_gridville, serial_shops, kennysheep_little_box
D:5:      layout_layer_cave, gammafunk_temple_overflow_statue, basic_altar

Skill      XL: |  1  2  3  4  5  6  7 |
---------------+----------------------+-----
Poison Magic   | 4 5 |  5.6
Stealth        | 3 |  3.5
Spellcasting   | 3 4 |  4.9
Air Magic      | 1 2 |  2.1
Transmutations | 2 |  2.7
Fighting       | |  0.9
Axes           | |  0.2
Dodging        | |  2.5

Action                   |  1- 3 |  4- 6 |  7- 9 || total
-------------------------+-------+-------+-------++-------
Melee: Unarmed           |    20 |       |       ||    20
       Constrict         |     9 |    10 |     2 ||    21
       Tentacles         |     7 |     9 |     5 ||    21
       Dagger            |    12 |     6 |       ||    18
       Hand axe          |       |    31 |    25 ||    56
 Cast: Sting             |    35 |    45 |    17 ||    97
       Poisonous Vapours |    18 |    41 |    10 ||    69
  Use: Scroll            |     1 |     3 |     1 ||     5
 Stab: Sleeping          |     1 |     1 |       ||     2
Armor: Skin              |    10 |     2 |       ||    12
Dodge: Dodged            |    51 |    23 |    16 ||    90
